 Dungeon Crawl Stone Soup version 0.27-a0-1230-gfc7c993222 (webtiles) character file.

Game seed: 7872024210156152001

224 Ethylacetat the Firebug (level 6, -1/50 HPs)
             Began as a Naga Fire Elementalist on June 8, 2021.
             Slain by Sigmund
             ... wielding a +2 scythe of protection
              (14 damage)
             ... on level 4 of the Dungeon.
             The game lasted 00:12:33 (3793 turns).

Ethylacetat the Firebug (Naga Fire Elementalist)    Turns: 3793, Time: 00:12:33

Health: -1/50      AC:  3    Str: 12    XL:     6   Next: 0%
Magic:  11/11      EV:  9    Int: 16    God:
Gold:   166        SH:  0    Dex: 11    Spells: 10/11 levels left

rFire    . . .     SeeInvis +   n - +2 dagger (venom)
rCold    + . .     Faith    .   (no shield)
rNeg     . . .     Spirit   .   o - +0 leather armour {Will+}
rPois    +         Reflect  .   (no helmet)
rElec    .         Harm     .   (no cloak)
rCorr    .         Rampage  .   (no gloves)
Will     +....                  (no barding)
Stlth    ++........             h - amulet of the acrobat
HPRegen  0.16/turn              f - ring of protection from cold
MPRegen  0.12/turn              (no ring)

@: short of breath, very slow
A: AC +2, large, see invisible, deformed body, poison resistance, slowness 2,
spit poison 1, naga tail 1
a: Spit Poison


You were on level 4 of the Dungeon.
You visited 1 branch of the dungeon, and saw 4 of its levels.

You collected 166 gold pieces.

Inventory:

Hand Weapons
 n - a +2 dagger of venom (weapon)
Missiles
 i - a throwing net
Armour
 o - a +0 leather armour of willpower (worn)
Jewellery
 f - a ring of protection from cold (left hand)
 h - an amulet of the acrobat (around neck)
Wands
 m - a wand of iceblast (12)
 p - a wand of digging (5)
Scrolls
 d - 3 scrolls of identify {unknown}
 e - a scroll of noise {unknown}
 g - a scroll of magic mapping {unknown}
 j - a scroll of acquirement {unknown}
Potions
 a - 2 potions of berserk rage {unknown}
 b - 2 potions of attraction {unknown}
 c - a potion of flight {unknown}
 k - a potion of resistance {unknown}
 l - a potion of cancellation {unknown}


   Skills:
 - Level 0.4 Fighting
 - Level 1.8 Dodging
 - Level 4.0 Stealth
 - Level 0.2 Unarmed Combat
 + Level 3.3 Spellcasting
 + Level 2.8 Conjurations
 + Level 4.3 Fire Magic


You had 10 spell levels left.
You knew the following spells:

 Your Spells              Type           Power      Damage    Failure   Level
a - Foxfire               Conj/Fire      56%        2x1d6     5%          1

Your spell library contained the following spells:

 Spells                   Type           Power      Damage    Failure   Level
 Conjure Flame            Conj/Fire      14%        6-21      16%         3
 Corona                   Hex            2%         N/A       22%         1
 Inner Flame              Hex/Fire       9%         N/A       28%         3
 Ensorcelled Hibernation  Hex/Ice        4%         N/A       34%         2
 Dazzling Flash           Conj/Hex       14%        N/A       36%         3
 Sticky Flame             Conj/Fire      14%        2d4       45%         4
 Confusing Touch          Hex            2%         N/A       56%         3
 Tukima's Dance           Hex            2%         N/A       56%         3
 Fireball                 Conj/Fire      7%         3d5       82%         5


Dungeon Overview and Level Annotations

Branches:
Dungeon (4/15)
 Temple: D:4-7

Altars:
Cheibriados
Dithmenos
Wu Jian

Shops:
D:3 *

Annotations:
D:4 Sigmund


Innate Abilities, Weirdness & Mutations

Your serpentine skin is tough. (AC +2)
You have supernaturally acute eyesight. (SInv)
Armour fits poorly on your strangely shaped body.
Your system is resistant to poisons. (rPois)
You cover ground very slowly.
You can spit poison.
You have a snake-like lower body.


Message History

Press: ? - help, Shift-Dir - straight line, f - Sigmund
Aim: Sigmund, wielding a +2 scythe of protection and wearing a +0 robe The splash of poison hits Sigmund.
Sigmund is lightly wounded.
Sigmund gestures at you while chanting. The magic dart hits you!
A dart slug comes into view.
Sigmund hits you with a +2 scythe of protection.
Sigmund screams, "Die, monster!"
Sigmund casts a spell at you. You resist with almost no effort.
You completely miss Sigmund.
Sigmund is lightly wounded.
You have got your breath back.
Sigmund barely misses you.
You hit Sigmund.
Sigmund is lightly wounded.
The giant cockroach waves its antennae.
The giant cockroach bites you.
Sigmund hits you with a +2 scythe of protection!
You closely miss Sigmund.
Sigmund is lightly wounded.
The giant cockroach completely misses you.
Sigmund hits you with a +2 scythe of protection!
Press: ? - help, Shift-Dir - straight line, f/p - Sigmund
Aim: Sigmund, wielding a +2 scythe of protection and wearing a +0 robe (lightly wounded)
The splash of poison hits Sigmund.
Sigmund is moderately wounded.
The giant cockroach closely misses you.
Sigmund hits you with a +2 scythe of protection.
* * * LOW HITPOINT WARNING * * *
You hit Sigmund but do no damage.
Sigmund is poisoned.
Sigmund is moderately wounded.
The giant cockroach bites you but does no damage.
Sigmund barely misses you.
You closely miss Sigmund.
Sigmund is moderately wounded.
The giant cockroach bites you but does no damage.
Sigmund hits you with a +2 scythe of protection!
You die...

#......##...# #.......
#.......#...# ##....†.
#...........####.......
#................##...
#...............###...
#.......####...## ##..
#.....### ##..# #..
###......## #..# ##.
..).....@..# ##.# ##
#..##<..B@w# #.. #.
#.........# #..#
#.#..#......##..
.._...###..... ..#.#.##
#.... ....#. #... .. ..
...


You could see Sigmund (very poisoned), a dart slug and a giant cockroach.

Vanquished Creatures
  Ijyb (D:3)
  Natasha (thrice) (D:2)
  4 gnolls
  An adder (D:2)
  An adder skeleton (D:4)
  3 dart slugs
  5 bats
  6 endoplasms
  3 giant cockroaches
  6 goblins
  3 hobgoblins (D:1)
  9 jackals
  A quokka (D:1)
  3 ball pythons
  2 frilled lizards
  13 kobolds
  4 rats (D:1)
68 creatures vanquished.

Vanquished Creatures (others)
  206 foxfires
206 creatures vanquished.

Grand Total: 274 creatures vanquished

Notes
Turn   | Place    | Note
-------+----------+-------------------------------------------
     0 | D:1      | Ethylacetat the Naga Fire Elementalist began the quest for
                  | the Orb.
     0 | D:1      | Reached XP level 1. HP: 15/15 MP: 3/3
    12 | D:1      | Noticed an electric eel
   135 | D:1      | Reached XP level 2. HP: 22/22 MP: 3/5
   253 | D:1      | Reached XP level 3. HP: 21/28 MP: 0/6
  1381 | D:2      | Found an ornate altar of the Wu Jian Council.
  1541 | D:2      | Reached XP level 4. HP: 36/36 MP: 4/7
  1730 | D:2      | Noticed Natasha
  1735 | D:2      | Killed Natasha
  2031 | D:2      | Noticed Natasha
  2035 | D:2      | Killed Natasha
  2250 | D:2      | Noticed Natasha
  2265 | D:2      | Killed Natasha
  2266 | D:2      | Reached XP level 5. HP: 5/42 MP: 1/9
  2661 | D:3      | Found a faded altar of an unknown god.
  2669 | D:3      | Found Jostaug's Assorted Antiques.
  2702 | D:3      | Noticed Ijyb
  2710 | D:3      | Killed Ijyb
  2938 | D:3      | Found an ornate altar of the Wu Jian Council.
  3018 | D:3      | Found a shadowy altar of Dithmenos.
  3675 | D:4      | Reached XP level 6. HP: 50/50 MP: 0/11
  3783 | D:4      | Found a snail-covered altar of Cheibriados.
  3784 | D:4      | Noticed Sigmund
  3793 | D:4      | Slain by Sigmund

Illustrated notes

Levels and vault maps discovered:
D:1:      arrival_aquarium_a, layout_basic, minmay_tetromino_t2
D:2:      layout_basic, basic_altar, minmay_cupped, uniq_natasha
D:3:      layout_basic, nicolae_wu_jian_wuxing_cycle,
          nicolae_dithmenos_shadow_blocks, shapermc_ecumenical_altar_gd,
          serial_shops, nicolae_shop_overgrown_old_shop, minmay_close_crescents,
          uniq_ijyb
D:4:      minmay_razor_zed, layout_layer_cave, lemuel_tele_altar,
          elyvilon_altar_4, lemuel_crystal_altar,
          minmay_temple_entry_gardened_gates, uniq_sigmund

Skill      XL: |  1  2  3  4  5 |
---------------+----------------+-----
Conjurations   | 2 |  2.8
Fire Magic     | 4 |  4.3
Spellcasting   | 3 |  3.3
Stealth        | 4 |  4.0
Fighting       | |  0.4
Dodging        | |  1.8
Unarmed Combat | |  0.2

Action                   |  1- 3 |  4- 6 || total
-------------------------+-------+-------++-------
Melee: Unarmed           |     8 |       ||     8
       Dagger            |       |    19 ||    19
 Cast: Foxfire           |    52 |    67 ||   119
 Abil: Spit Poison       |     9 |     9 ||    18
 Stab: Sleeping          |       |     1 ||     1
Armor: Robe              |     6 |     5 ||    11
       Leather armour    |       |     2 ||     2
Dodge: Dodged            |    12 |    31 ||    43

Table legend: (Time is in decaauts)
 A = Elapsed time spent in this place.
 B = Non-inter-level travel time spent in this place.
 C = Inter-level travel time spent in this place.
 D = Time resting spent in this place.
 E = Time spent auto-exploring this place.
 F = Levels seen in this place.
 G = Mean time per level.
                   A        B        C        D        E       F      G
               +--------+--------+--------+--------+--------+-----+--------+
         Total |   4570 |   4341 |    229 |     33 |   3841 |   4 | 1142.5 |
       Dungeon |   4570 |   4341 |    229 |     33 |   3841 |   4 | 1142.5 |
               +--------+--------+--------+--------+--------+-----+--------+

Top non-repeatable levels by time:
     D:2: 1820 daAuts
     D:3: 1462 daAuts
     D:1: 1026 daAuts
     D:4: 261 daAuts
